 Dungeon Crawl Stone Soup version 0.31-a0-925-g0a390f2509 (webtiles) character file.

Game seed: 18367027255044273205

28 vishdafish the Digger (level 2, 0/19 HPs)
             Began as a Demonspawn Earth Elementalist on Oct 18, 2023.
             Slain by a cerulean imp
             ... wielding a +3 spear
             ... summoned by Natasha
              (4 damage)
             ... on level 2 of the Dungeon.
             The game lasted 00:01:45 (1231 turns).

vishdafish the Digger (DsEE)                        Turns: 1231, Time: 00:01:45

Health: 0/19       AC:  2    Str:  8    XL:     2   Next: 96%
Magic:  5/5        EV: 12    Int: 16    God:
Gold:   22         SH:  0    Dex: 13    Spells: 4/5 levels left

rFire   . . .        f - +0 short sword
rCold   . . .        (no shield)
rNeg    . . .        a - +0 robe
rPois   .            (no helmet)
rElec   .            (no cloak)
rCorr   .            (no gloves)
SInv    .            (no boots)
Will    .....        (no amulet)
Stlth   ++           (no ring)
HPRegen 0.23/turn    (no ring)
MPRegen 0.09/turn

%: no passive effects
@: no status effects
A: powered by death 1
a: no special abilities


You were on level 2 of the Dungeon.
You visited 1 branch of the dungeon, and saw 2 of its levels.

You collected 22 gold pieces.

Inventory:

Hand Weapons
 c - a +0 dagger
 f - a +0 short sword (weapon)
Armour
 a - a +0 robe (worn)
Jewellery
 e - a ring of flight
Scrolls
 d - 4 scrolls of enchant weapon {unknown}
 g - a scroll of immolation {unknown}
 h - a scroll of teleportation {unknown}
Potions
 b - a potion of magic
 i - a potion of ambrosia {unknown}


   Skills:
 + Level 2.3 Dodging
 - Level 1.7 Stealth
 + Level 2.4 Spellcasting
 - Level 0.8 Transmutations
 + Level 3.1 Earth Magic


You had 4 spell levels left.
You knew the following spells:

 Your Spells              Type           Power      Damage    Failure   Level
a - Sandblast             Erth           22%        2d7       5%          1

Your spell library contained the following spells:

 Spells                   Type           Power      Damage    Failure   Level
 Passwall                 Tmut/Erth      6%         N/A       13%         2
 Summon Small Mammal      Summ           4%         N/A       21%         1
 Stone Arrow              Conj/Erth      12%        3d7       32%         3
 Call Canine Familiar     Summ           1%         N/A       52%         3
 Summon Guardian Golem    Hex/Summ       1%         N/A       52%         3
 Petrify                  Tmut/Erth      8%         N/A       65%         4
 Brom's Barrelling Bould  Conj/Erth      6%         2d3       71%         4


Dungeon Overview and Level Annotations

Branches:
Dungeon (2/15)

Altars:

Annotations:
D:2 Natasha


Innate Abilities, Weirdness & Mutations

You regenerate a little health from kills.


Message History

Aim: Natasha (77% to hit)
The blast of sand hits Natasha.
Natasha is moderately wounded.
Natasha casts a spell at you. The magic dart hits you.
Aiming: Sandblast (safe; 5% risk of failure)
Press: ? - help, Q - select action Shift-Dir - straight line, f/p - Natasha
Aim: Natasha (moderately wounded, 77% to hit)
The blast of sand misses Natasha.
Natasha stares at you and mumbles some strange words.
The magic dart hits you!
* * * LOW HITPOINT WARNING * * *
Aiming: Sandblast (safe; 5% risk of failure)
Press: ? - help, Q - select action Shift-Dir - straight line, f/p - Natasha
Aim: Natasha (moderately wounded, 77% to hit)
The blast of sand hits Natasha.
Natasha is heavily wounded.
Natasha barely misses you.
Aiming: Sandblast (safe; 5% risk of failure)
Press: ? - help, Q - select action Shift-Dir - straight line, f/p - Natasha
Aim: Natasha (heavily wounded, 77% to hit)
The blast of sand hits Natasha.
Natasha is heavily wounded.
Natasha casts a spell at you. You resist with significant effort.
Aiming: Sandblast (safe; 5% risk of failure)
Press: ? - help, Q - select action Shift-Dir - straight line, f/p - Natasha
Aim: Natasha (heavily wounded, 77% to hit)
The blast of sand hits Natasha but does no damage.
Natasha is heavily wounded.
Natasha mumbles some strange words.
Natasha claws you.
* * * LOW HITPOINT WARNING * * *
You don't have enough magic to cast this spell.
Unknown command.
Magic courses through your body.
Natasha stares at you and mumbles some strange words.
You resist with significant effort.
The cerulean imp hits you from afar with a +3 spear.
You die...

# #. #.#.#.# #.#.
#.#.#.# #.#.##.#.#.#
###+# #......#.#.###
#.... #............
+.... .#........#.####
##....
.....5.........####.#...
......h@!...........#.##
###########.##.####.#.#.
#.#..# #.#.#. #.#.##
#.#.#. #.#. #.#.#. #...
..#.#. ###. ###.#. .. #.
#. #.


You could see Natasha and a cerulean imp (summoned).

Vanquished Creatures
  4 bats
  An endoplasm (D:1)
  A giant cockroach (D:1)
  5 goblins (D:1)
  2 hobgoblins
  5 kobolds (D:1)
  A quokka (D:1)
  A ball python (D:1)
  4 frilled lizards (D:1)
  4 rats (D:1)
28 creatures vanquished.

Notes
Turn   | Place    | Note
-------+----------+-------------------------------------------
     0 | D:1      | vishdafish the Demonspawn Earth Elementalist began the
                  | quest for the Orb.
     0 | D:1      | Reached XP level 1. HP: 13/13 MP: 3/3
   303 | D:1      | Found a faded altar of an unknown god.
   311 | D:1      | Gained mutation: You regenerate a little health from kills.
                  | [demonic ancestry]
   311 | D:1      | Reached XP level 2. HP: 13/19 MP: 0/5
   483 | D:1      | Reached skill level 3 in Earth Magic
  1223 | D:2      | Noticed Natasha
  1231 | D:2      | Slain by a cerulean imp

Illustrated notes

Levels and vault maps discovered:
D:1:      saegor_arrival_miasma, layout_loops_corners,
          hellmonk_ecumenical_altar_lost_god
D:2:      layout_basic, chequers_serial_rivers_large_a, uniq_natasha

Skill      XL: |  1  2 |
---------------+-------+-----
Dodging        | 2 |  2.3
Earth Magic    | 3 |  3.1
Stealth        | |  1.7
Spellcasting   | |  2.4
Transmutations | |  0.8

Action                     || total
---------------------------++-------
  Melee: Unarmed           ||    29
         Dagger            ||    12
         Short sword       ||    62
   Cast: Sandblast         ||    16
    Use: Potion            ||     1
   Stab: Sleeping          ||     1
 Armour: Robe              ||    60
  Dodge: Dodged            ||    62

Table legend: (Time is in decaauts)
 A = Elapsed time spent in this place.
 B = Non-inter-level travel time spent in this place.
 C = Inter-level travel time spent in this place.
 D = Time resting spent in this place.
 E = Time spent auto-exploring this place.
 F = Levels seen in this place.
 G = Mean time per level.
                   A        B        C        D        E       F      G
               +--------+--------+--------+--------+--------+-----+--------+
         Total |   1237 |   1188 |     49 |      0 |    939 |   2 |  618.5 |
       Dungeon |   1237 |   1188 |     49 |      0 |    939 |   2 |  618.5 |
               +--------+--------+--------+--------+--------+-----+--------+

Top non-repeatable levels by time:
     D:1: 1060 daAuts
     D:2: 177 daAuts
